 Dungeon Crawl Stone Soup version 0.26-a0-52-gd53d4cd058 (webtiles) character file.

Game seed: 9730254940287989089

147 Apogee the Ruffian (level 5, 0/72 HPs)
             Began as a Troll Warper on June 6, 2020.
             Killed from afar by Dowan (5 damage)
             ... with a puff of flame
             ... on level 4 of the Dungeon.
             The game lasted 00:05:53 (2512 turns).

Apogee the Ruffian (Troll Warper)                   Turns: 2512, Time: 00:05:53

Health: 0/72       AC:  6    Str: 20    XL:     5   Next: 7%
Magic:  5/5        EV: 10    Int:  9    God:
Gold:   200        SH:  0    Dex:  9    Spells: 4/6 levels left

rFire    . . .     SeeInvis .     - Unarmed
rCold    . . .     Gourm    +   (no shield)
rNeg     . . .     Faith    .   a - +0 robe
rPois    .         Spirit   .   (helmet restricted)
rElec    .         Reflect  .   (no cloak)
rCorr    .         Harm     .   (gloves unavailable)
MR       .....                  (boots unavailable)
Stlth    ..........             (no amulet)
HPRegen  0.62/turn              (no ring)
MPRegen  0.09/turn              (no ring)

@: berserking, very quick
A: large, unfitting armour, claws 3, fast metabolism 3, gourmand, regeneration
1, shaggy fur 1, tough skin 3
a: no special abilities


You were on level 4 of the Dungeon.
You were very full.

You visited 1 branch of the dungeon, and saw 4 of its levels.

You collected 200 gold pieces.

Inventory:

Hand Weapons
 k - a +2 antimagic long sword
 p - a +1 vorpal spear
Missiles
 d - 5 boomerangs of dispersal {=f}
 n - 55 stones (quivered)
 q - 2 throwing nets
Armour
 a - a +0 robe (worn)
Magical Staves
 u - an uncursed staff of earth {unknown}
Jewellery
 i - a cursed -4 ring of protection {unknown}
Wands
 r - a wand of random effects (20)
Scrolls
 b - 2 scrolls of enchant weapon {unknown}
 c - 2 scrolls of blinking {!r}
 e - 2 scrolls of noise {unknown}
 h - 4 scrolls of teleportation {unknown}
 j - 3 scrolls of identify {unknown}
 m - a scroll of remove curse {unknown}
Potions
 l - 3 potions of flight {unknown}
 s - 2 potions of haste {unknown}
 t - a potion of degeneration {unknown}
Comestibles
 f - 9 rations


   Skills:
 - Level 1.5 Fighting
 - Level 0.8 Throwing
 - Level 1.9 Dodging
 + Level 5.3 Unarmed Combat
 - Level 1.2 Spellcasting
 - Level 2.1 Translocations


You had 4 spell levels left.
You knew the following spells:

 Your Spells              Type           Power        Failure   Level  Hunger
a - Blink                 Tloc           N/A          22%         2    ###....

Your spell library contained the following spells:

 Spells                   Type           Power        Failure   Level  Hunger
 Shroud of Golubria       Chrm/Tloc      #.....       34%         2    ###....
 Gell's Gravitas          Tloc           #.........   41%         3    ####...
 Lesser Beckoning         Tloc           #.........   41%         3    ####...
 Teleport Other           Tloc           #.......     41%         3    ####...
 Passage of Golubria      Tloc           N/A          82%         4    #####..


Dungeon Overview and Level Annotations

Branches:
Dungeon (4/15)
 Temple: D:4-7

Altars:
Dithmenos
Fedhas
Sif Muna
Vehumet

Annotations:
D:4 Dowan, Duvessa


Innate Abilities, Weirdness & Mutations

You are too large for most types of armour.
You have claws for hands.
Your metabolism is lightning-fast.
You like to eat raw meat.
Your natural rate of healing is unusually fast.
You are covered in fur. (AC +1)
You have extremely tough skin. (AC +3)


Message History

You claw Duvessa!
Duvessa is heavily wounded.
Duvessa hits you with a +3 short sword of protection!
* * * LOW HITPOINT WARNING * * *
It was a potion of berserk rage.
A red film seems to cover your vision as you go berserk!
You feel yourself moving faster!
You feel mighty! Duvessa barely misses you. Dowan barely misses you.
Duvessa hits you with a +3 short sword of protection.
* * * LOW HITPOINT WARNING * * *
You closely miss Duvessa.
Duvessa is heavily wounded.
Dowan hits you but does no damage.
Duvessa hits you with a +3 short sword of protection!
* * * LOW HITPOINT WARNING * * *
You barely miss Duvessa. You claw Duvessa!
Duvessa is severely wounded.
Dowan gestures at you while chanting. The puff of flame hits you.
You die...

## .... .....
e.....
......###########
#.....#@....#
#.....ee....#
#.....#.....#
###.....#.....#
........#######
.........#.....#
.........'.....#
.........#.....#
.........#...<.#


You could see Duvessa (fast) and Dowan.

Vanquished Creatures
  An orc priest (D:3)
  3 adders
  An ooze (D:3)
  2 worms
  4 dart slugs
  4 leopard geckos
  5 orcs (D:3)
  4 giant cockroaches
  7 goblins
  7 hobgoblins
  3 jackals (D:3)
  3 bats
  6 frilled lizards
  7 kobolds
  8 rats
65 creatures vanquished.

Notes
Turn   | Place    | Note
-------+----------+-------------------------------------------
     0 | D:1      | Apogee the Troll Warper began the quest for the Orb.
     0 | D:1      | Reached XP level 1. HP: 19/19 MP: 1/1
   221 | D:1      | Reached XP level 2. HP: 19/27 MP: 2/2
   351 | D:1      | Reached skill level 3 in Unarmed Combat
   944 | D:2      | Found a shimmering blue altar of Sif Muna.
  1139 | D:2      | Reached XP level 3. HP: 33/33 MP: 3/3
  1448 | D:2      | Reached skill level 4 in Unarmed Combat
  1548 | D:2      | Found a radiant altar of Vehumet.
  1552 | D:2      | Learned a level 2 spell: Blink
  1615 | D:3      | Reached XP level 4. HP: 37/41 MP: 4/4
  1695 | D:3      | Found a blossoming altar of Fedhas.
  2362 | D:3      | Reached skill level 5 in Unarmed Combat
  2362 | D:3      | Reached XP level 5. HP: 48/48 MP: 5/5
  2418 | D:3      | Found a shadowy altar of Dithmenos.
  2485 | D:4      | Noticed Dowan
  2486 | D:4      | Noticed Duvessa
  2512 | D:4      | Killed from afar by Dowan

Illustrated notes

Levels and vault maps discovered:
D:1:      wheals_arrival_linesprint, layout_loops_cross, nrook_mini_vaults
D:2:      layout_basic, vehumet_crystals, lemuel_doored_altar
D:3:      layout_loops_ring, marbit_many_paths, overflow_temple_1_default
D:4:      layout_gridville, first_ration, nicolae_ossuary_entry_giza,
          uniq_duvessa, uniq_menkaure

Skill      XL: |  1  2  3  4 |
---------------+-------------+-----
Unarmed Combat | 3 4 5 |  5.3
Fighting       | |  1.5
Throwing       | |  0.8
Dodging        | |  1.9
Spellcasting   | |  1.2
Translocations | |  2.1

Action                   |  1- 3 |  4- 6 || total
-------------------------+-------+-------++-------
Melee: Unarmed           |   122 |    82 ||   204
       Punch             |       |     1 ||     1
  Use: Potion            |       |     1 ||     1
 Stab: Sleeping          |       |     1 ||     1
  Eat: Chunk             |    20 |     8 ||    28
Armor: Robe              |    33 |    20 ||    53
Dodge: Dodged            |    56 |    27 ||    83

Table legend:
 A = Non-vault XP
 B = Vault XP
 C = Vault XP percentage of total XP
 D = Non-vault monster count
 E = Vault monster count
 F = Vault count percentage of total count
                 A         B        C        D         E       F
            +---------+---------+-------+---------+---------+-------
      Total |     209 |       1 |   0.5 |      64 |       1 |   1.5
            +---------+---------+-------+---------+---------+-------
        D:1 |      40 |       0 |   0.0 |      22 |       0 |   0.0
        D:2 |      52 |       0 |   0.0 |      17 |       0 |   0.0
        D:3 |     117 |       1 |   0.8 |      25 |       1 |   3.8
            +---------+---------+-------+---------+---------+-------
